Map: Lerilak Crest

Players

myth

  • Race: Terran Terran

AgCl - Winner!

  • Race: Protoss Protoss

VOD

Have the link to the VOD?

Description

Time

  • Played on: May 4, 2015, 2:26 a.m.
  • Length: 22:03
Show
View Real Time Build Order
Export as new Build Order

myth Terran 

Build Orders: Reaper Expand, MMM Bio 

Get SALT Encoding   

  12  0:01  SCV  
  13  0:13  SCV  
  14  0:18  Supply Depot  
  14  0:25  SCV  
  15  0:39  SCV  
  15  0:40  Barracks  
  16  0:45  Refinery  
  16  0:52  SCV  
  17  1:04  SCV  
  18  1:16  SCV  
  19  1:29  Reaper  
  20  1:33  Supply Depot  
  20  1:38  Orbital Command  
  20  1:51  Command Center  
  20  2:06  Factory  
  20  2:08  Marine  
  21  2:10  SCV  
  22  2:22  SCV  
  22  2:33  Marine  
  22  2:43  SCV, Engineering Bay  
  21  3:00  Marine  
  22  3:13  Supply Depot  
  22  3:18  Marine  
  20  3:20  Missile Turret  
  20  3:27  Factory Tech Lab  
  20  3:31  Starport  
  19  3:36  Marine  
  20  3:43  SCV  
  20  3:54  Marine  
  20  4:03  SCV  
  20  4:12  Marine  
  20  4:21  Factory Tech Lab  
  20  4:29  SCV  
  20  4:45  Viking  
  22  4:51  Command Center  
  22  4:52  SCV  
  23  4:59  Barracks  
  23  5:00  Barracks  
  23  5:03  Cyclone  
  23  5:04  Missile Turret  
  26  5:07  Orbital Command  
  26  5:08  Missile Turret  
  26  5:09  SCV  
  27  5:21  SCV  
  27  5:24  Barracks Tech Lab  
  26  5:46  Marine  
  26  5:47  Stimpack  
  27  5:51  Marine  
  27  5:52  Marine  
  27  5:53  Refinery  
  27  5:56  Supply Depot  
  27  5:57  SCV  
  30  6:03  Orbital Command  
  30  6:06  SCV  
  30  6:09  Refinery  
  31  6:19  Supply Depot, Marine x3  
  34  6:36  Marine  
  34  6:37  Marine x2  
  34  6:54  Marine x2  
  34  6:55  Starport Reactor  
  34  6:56  Supply Depot  
  34  6:59  Factory Reactor, Marine  
  37  7:07  SCV  
  38  7:12  Marine x2  
  40  7:17  Marine  
  40  7:20  Supply Depot  
  40  7:22  Orbital Command  
  33  7:30  Marine x2  
  33  7:32  Viking  
  33  7:33  Viking  
  33  7:35  Marine  
  39  7:38  SCV  
  39  7:41  SCV  
  41  7:48  Marine  
  42  7:55  Widow Mine x2  
  42  7:56  Marine x2  
  42  7:57  Combat Shields  
  42  8:05  Marine  
  42  8:11  Viking x2  
  47  8:13  SCV x2  
  47  8:14  Marine x2  
  46  8:29  Widow Mine x2  
  46  8:32  SCV  
  51  8:35  Barracks  
  51  8:37  SCV x2  
  50  8:41  Barracks Reactor  
  50  8:43  Barracks Reactor  
  50  8:44  SCV  
  51  8:48  Medivac  
  51  8:49  SCV x2, Medivac  
  51  8:50  Terran Infantry Weapons Level 1  
  51  8:52  Supply Depot  
  57  8:56  SCV  
  57  9:01  SCV x2  
  60  9:03  Widow Mine x2  
  60  9:05  Marine  
  60  9:06  Refinery  
  60  9:08  SCV  
  66  9:13  SCV x2  
  66  9:14  Supply Depot  
  68  9:20  SCV  
  68  9:23  Marine  
  68  9:24  Medivac, Marine x4  
  70  9:25  Medivac  
  70  9:31  Marine  
  76  9:35  Concussive Shells  
  76  9:36  Supply Depot  
  77  9:39  SCV  
  77  9:40  SCV  
  77  9:41  Marauder  
  77  9:45  Barracks x2, Marine x2  
  83  9:46  Barracks, Marine x2  
  83  9:49  Marauder  
  83  10:02  Marine  
  83  10:03  Marauder  
  83  10:06  Marine  
  83  10:07  Marine x2  
  86  10:15  Marine  
  86  10:18  Widow Mine x2  
  86  10:20  Marine  
  85  10:23  Orbital Command  
  85  10:24  Marine x4  
  83  10:30  SCV  
  83  10:33  Marine  
  83  10:34  Missile Turret  
  80  10:38  Marine  
  80  10:39  Medivac x2  
  80  10:41  Marine  
  80  10:42  Marine x2  
  88  10:53  Marine  
  88  10:54  Marine  
  88  10:56  Barracks Reactor, Marine  
  91  10:58  Barracks Tech Lab  
  91  10:59  Marine  
  91  11:00  Widow Mine, Marine x2  
  91  11:02  Barracks Reactor  
  94  11:12  Marauder  
  94  11:28  Marauder, Marine x3  
  94  11:29  Marauder  
  94  11:30  Marine  
  102  11:33  Marauder  
  102  11:34  SCV, Supply Depot  
  102  11:39  Supply Depot  
  105  11:46  Marine  
  106  11:47  Marine  
  106  11:50  Marauder, Orbital Command  
  109  11:57  Supply Depot  
  109  12:05  Marine x2  
  109  12:06  Marauder x2  
  110  12:12  Marauder, Marine x3  
  111  12:29  Marine x4  
  114  12:30  Marine x2  
  105  12:44  Marauder, Marine x2  
  84  12:49  Marine x3  
  84  12:50  Marine  
  84  12:51  SCV  
  93  12:52  SCV  
  93  12:58  Medivac  
  96  13:08  Marine x2  
  96  13:09  SCV x3  
  101  13:13  Marine x3  
  101  13:14  Marauder  
  101  13:17  Medivac  
  107  13:21  SCV  
  108  13:28  Medivac  
  108  13:31  Marine x3  
  108  13:32  Marine x3  
  116  13:39  Missile Turret  
  116  13:43  Armory  
  116  13:46  Engineering Bay  
  116  13:47  Medivac  
  117  13:58  Medivac  
  119  14:08  Marine x3  
  119  14:09  Marauder x2, Marine x6  
  131  14:11  Widow Mine x2  
  131  14:12  SCV  
  131  14:13  SCV  
  131  14:15  Refinery x2  
  131  14:16  Supply Depot  
  138  14:17  Medivac  
  139  14:26  Marine x4  
  139  14:27  Marine  
  139  14:28  Marauder, Medivac  
  139  14:30  Marauder x2  
  148  14:35  Marine  
  148  14:37  Marine x2  
  151  14:39  Supply Depot  
  151  14:40  Supply Depot  
  151  14:43  SCV  
  151  14:44  Marine x4  
  156  14:47  Marine  
  157  14:54  Bunker  
  157  15:01  Medivac x2, Marine x4  
  157  15:03  Supply Depot  
  84  15:26  Supply Depot  
  82  15:29  Marine x2  
  82  15:30  Widow Mine x2, Marine  
  82  15:31  Viking x2  
  82  15:33  Marine x2  
  82  15:34  Marine x2  
  82  15:35  Marauder, Marine  
  100  15:43  Terran Infantry Weapons Level 2  
  100  15:45  Terran Infantry Armor Level 1  
  100  16:01  Viking x2  
  103  16:07  Widow Mine x2  
  103  16:10  Starport  
  107  16:12  Supply Depot  
  107  16:31  Viking x2  
  110  16:46  Ghost Academy  
  142  16:47  Medivac  
  110  16:50  Command Center  
  110  16:51  Marine x2  
  110  16:52  Marine x6  
  110  16:53  Marauder x2  
  110  16:54  Widow Mine  
  124  17:15  Marine  
  124  17:16  Marauder x2, Marine x3  
  124  17:17  Marine  
  124  17:19  Ghost  
  135  17:25  Viking  
  137  17:38  Ghost  
  137  17:39  Ghost  
  141  17:57  Marine x3  
  141  17:58  Marauder  
  146  18:02  Viking  
  145  18:07  Marauder  
  126  18:19  Marine x3  
  125  18:25  Marine x2  
  125  18:26  Marauder x2  
  127  18:36  Ghost  
  129  18:47  Viking  
  133  18:49  Medivac  
  133  19:02  Marine x4  
  136  19:19  Medivac  
  136  19:20  Viking  
  136  19:22  Viking  
  142  19:30  Personal Cloaking  
  135  20:10  Marine x5  
  135  20:11  Marauder x2  
  135  20:12  Viking x2  
  148  20:21  Viking  
  129  20:55  Nuke  
  112  20:59  Marine x3  
  112  21:00  Marauder x3, Marine x2  
  90  21:17  Orbital Command  
  90  21:21  Marauder  
  91  21:32  Missile Turret  
Show
View Real Time Build Order
Export as new Build Order

AgCl Protoss - Winner!

Build Orders: Oracle Opening, Oracle Opening 

Get SALT Encoding   

  12  0:03  Probe  
  13  0:17  Pylon  
  13  0:22  Probe  
  14  0:28  Assimilator  
  14  0:40  Gateway  
  14  0:42  Probe (Chrono Boost)  
  15  0:54  Probe (Chrono Boost)  
  16  1:02  Probe (Chrono Boost)  
  17  1:11  Probe  
  18  1:19  Assimilator  
  18  1:23  Probe  
  18  1:24  Pylon  
  19  1:28  Zealot (Chrono Boost)  
  21  1:35  Cybernetics Core  
  21  1:38  Probe (Chrono Boost)  
  22  1:50  Probe (Chrono Boost)  
  23  1:58  Probe (Chrono Boost)  
  24  2:07  Probe (Chrono Boost)  
  25  2:12  Stargate  
  25  2:13  Warp Gate  
  25  2:20  Mothership Core (Chrono Boost)  
  28  2:42  Probe  
  28  2:43  Pylon  
  28  3:00  Oracle (Chrono Boost)  
  29  3:18  Nexus  
  29  3:23  Probe (Chrono Boost)  
  30  3:32  Probe (Chrono Boost)  
  31  3:39  Forge  
  31  3:40  Probe  
  32  3:52  Probe  
  33  4:00  Phoenix  
  35  4:04  Probe  
  36  4:16  Probe, Pylon  
  37  4:48  Assimilator  
  37  4:50  Probe (Chrono Boost)  
  38  4:53  Assimilator  
  38  4:54  Fleet Beacon, Pylon  
  38  4:56  Probe (Chrono Boost)  
  38  4:59  Protoss Ground Weapons Level 1 (Chrono Boost)  
  39  5:00  Protoss Air Weapons Level 1  
  39  5:02  Probe (Chrono Boost)  
  41  5:07  Probe (Chrono Boost)  
  41  5:09  Probe (Chrono Boost)  
  41  5:10  Sentry  
  44  5:19  Probe (Chrono Boost)  
  46  5:21  Pylon  
  46  5:24  Probe (Chrono Boost), Carrier (Chrono Boost)  
  46  5:28  Probe (Chrono Boost)  
  47  5:31  Probe (Chrono Boost)  
  48  5:36  Probe  
  47  5:47  Probe  
  51  5:50  Probe, Graviton Catapult (Chrono Boost)  
  51  5:52  Photon Cannon  
  52  6:01  Probe  
  53  6:10  Probe (Chrono Boost)  
  54  6:13  Adept  
  54  6:14  Nexus  
  54  6:17  Pylon  
  57  6:22  Probe x2 (Chrono Boost)  
  57  6:29  Probe x2 (Chrono Boost)  
  56  6:39  Probe  
  56  6:40  Probe  
  56  6:41  Carrier (Chrono Boost)  
  57  6:52  Probe x2, Assimilator  
  59  6:55  Photon Cannon  
  59  6:56  Adept  
  59  6:58  Pylon  
  59  7:00  Assimilator  
  61  7:04  Probe  
  61  7:06  Probe  
  69  7:16  Probe  
  69  7:20  Probe  
  69  7:22  Protoss Air Weapons Level 2 (Chrono Boost)  
  71  7:28  Probe, Twilight Council  
  70  7:39  Adept  
  68  8:08  Adept  
  70  8:15  Probe (Chrono Boost)  
  70  8:18  Carrier (Chrono Boost)  
  71  8:20  Probe x2 (Chrono Boost)  
  71  8:23  Gateway  
  71  8:24  Gateway, Probe (Chrono Boost)  
  66  8:30  Adept  
  68  8:35  Probe (Chrono Boost)  
  68  8:38  Protoss Ground Weapons Level 2 (Chrono Boost)  
  68  8:39  Charge (Chrono Boost)  
  68  8:40  Probe x2 (Chrono Boost)  
  77  8:44  Probe (Chrono Boost)  
  77  8:46  Stargate  
  77  8:47  Probe (Chrono Boost)  
  77  8:48  Templar Archives  
  79  8:51  Dark Shrine  
  79  8:52  Pylon  
  79  8:54  Gateway  
  80  8:55  Probe x2  
  80  8:56  Pylon, Stargate  
  80  8:58  Adept, Pylon  
  83  9:08  Probe  
  82  9:21  Probe  
  83  9:30  Probe  
  84  9:32  Carrier (Chrono Boost)  
  84  9:35  Pylon  
  84  9:41  Psionic Storm  
  84  9:48  Nexus  
  84  9:50  Adept x2, Pylon  
  84  9:51  Assimilator  
  88  9:53  Assimilator  
  88  9:54  Pylon  
  94  10:08  Dark Templar x2  
  98  10:15  Pylon  
  98  10:18  Nexus  
  98  10:23  Carrier (Chrono Boost)  
  88  10:30  Carrier (Chrono Boost)  
  88  10:37  Probe x2 (Chrono Boost)  
  88  10:42  Protoss Ground Weapons Level 3 (Chrono Boost), Probe (Chrono Boost)  
  91  10:47  Probe (Chrono Boost)  
  104  10:52  Probe  
  104  10:54  Probe  
  104  10:56  High Templar  
  108  10:57  High Templar  
  108  10:58  Zealot x2  
  108  10:59  Probe  
  115  11:04  Carrier  
  115  11:05  Probe  
  112  11:30  Carrier  
  112  11:31  Carrier  
  112  11:32  Pylon, Robotics Facility  
  118  11:36  Dark Templar  
  118  11:37  Zealot  
  118  11:39  Probe x2 (Chrono Boost)  
  125  11:40  Probe (Chrono Boost)  
  125  11:43  Gateway  
  125  11:45  Gateway  
  125  11:47  Gateway  
  125  11:51  Gateway  
  136  11:55  Pylon  
  132  12:07  Assimilator x2  
  127  12:09  Pylon  
  127  12:22  Pylon  
  129  12:27  Probe (Chrono Boost), Carrier  
  129  12:28  Probe x2 (Chrono Boost)  
  129  12:41  Archon  
  129  12:50  Protoss Air Weapons Level 3 (Chrono Boost)  
  135  12:59  Pylon  
  133  13:09  Nexus  
  133  13:11  Pylon  
  127  13:29  Photon Cannon  
  127  13:35  High Templar  
  130  13:41  Observer (Chrono Boost)  
  130  13:44  Zealot x2  
  130  13:45  Zealot x4  
  130  13:46  Zealot  
  131  13:55  Nexus  
  131  13:56  Observer (Chrono Boost)  
  131  13:59  Pylon  
  112  14:23  Carrier  
  112  14:30  Carrier  
  119  15:01  Zealot  
  119  15:02  Zealot x5  
  111  15:18  Carrier (Chrono Boost)  
  111  15:35  Dark Templar, Zealot x3  
  117  15:42  Nexus  
  125  15:43  High Templar  
  125  15:45  Pylon  
  127  15:50  Assimilator  
  127  15:54  Assimilator  
  111  16:07  Probe (Chrono Boost)  
  114  16:15  Probe x2 (Chrono Boost)  
  114  16:16  Probe (Chrono Boost)  
  115  16:22  Protoss Shields Level 1 (Chrono Boost)  
  115  16:24  Probe  
  116  16:26  Gateway  
  116  16:30  Protoss Air Armor Level 1 (Chrono Boost)  
  116  16:35  Gateway  
  116  16:36  Probe  
  117  16:41  High Templar x2  
  121  16:48  Probe  
  121  16:50  Pylon  
  121  16:53  Pylon  
  122  16:55  Carrier  
  122  16:58  Adept  
  122  17:00  Probe  
  125  17:06  Adept  
  127  17:11  Gateway  
  133  17:30  Carrier  
  133  17:40  Photon Cannon  
  133  17:41  Photon Cannon  
  133  17:43  Photon Cannon  
  133  17:50  Shield Upgrade  
  122  18:16  High Templar x3  
  122  18:17  High Templar  
  122  18:25  High Templar x2  
  126  18:31  Archon  
  120  19:08  Dark Templar  
  120  19:17  Dark Templar  
  122  19:26  Dark Templar  
  124  19:32  Pylon  
  124  19:41  High Templar  
  124  19:42  High Templar x3  
  124  19:43  Pylon  
  132  19:46  Pylon  
  132  19:51  Gateway  
  132  20:03  Nexus  
  132  20:13  Carrier x2  
  131  21:04  Zealot  
  131  21:05  Zealot x3  
  139  21:15  Zealot x4  
  131  21:34  Photon Cannon  
  131  21:35  Pylon  
  129  22:03  Nexus  
Tags
 
Add a new tag
Caveats
  • Supply blocks, unpowered buildings, or Contaminate may cause inaccurate times.
  • Supply counts are checked every 10 seconds.